 Dungeon Crawl Stone Soup version 0.21.1-1-g345015f (webtiles) character file.

25 vatarom the Caller (level 3, 0/19 HPs)
             Began as a Tengu Summoner on Jan 24, 2018.
             Slain by a bat (1 damage)
             ... on level 2 of the Dungeon on Feb 16, 2018.
             The game lasted 00:04:40 (1359 turns).

vatarom the Caller (Tengu Summoner)                 Turns: 1359, Time: 00:04:41

Health: 0/19       AC:  6    Str:  9    XL:     3   Next: 6%
Magic:  5/7        EV: 17    Int: 15    God:
Gold:   69         SH:  0    Dex: 19    Spells: 0/6 levels left

rFire    . . .     SeeInvis .   f - +1 spear
rCold    . . .     Gourm    .   (no shield)
rNeg     . . .     Faith    .   d - +0 leather armour
rPois    .         Spirit   .   (helmet restricted)
rElec    .         Reflect  .   (no cloak)
rCorr    .         Harm     .   a - +2 pair of gloves
MR       .....                  (boots unavailable)
Stlth    +++.......             (no amulet)
HPRegen  0.06/turn              (no ring)
MPRegen  0.10/turn              (no ring)

@: agile
A: beak, talons 3
a: no special abilities


You were on level 2 of the Dungeon.
You were very hungry.

You visited 1 branch of the dungeon, and saw 2 of its levels.

You collected 69 gold pieces.

Inventory:

Hand Weapons
 f - a +1 spear (weapon)
Armour
 a - a +2 pair of gloves (worn)
 d - a +0 leather armour (worn)
Scrolls
 g - a scroll of enchant armour {unknown}
Potions
 e - a potion of agility
Books
 b - a book of Callings

   Spells                             Type                      Level
   a - Summon Small Mammal            Summoning                    1
   b - Call Imp                       Summoning                    2
   c - Call Canine Familiar           Summoning                    3
   d - Summon Guardian Golem          Hexes/Summoning              3
   e - Summon Lightning Spire         Summoning/Air                4
   f - Summon Ice Beast               Ice/Summoning                4
Comestibles
 c - 4 rations


   Skills:
 + Level 0.7 Polearms
 - Level 2.1 Dodging
 - Level 2.0 Stealth
 + Level 2.4 Spellcasting
 * Level 5.4 Summonings


You couldn't memorise any spells.
You knew the following spells:

 Your Spells              Type           Power        Failure   Level  Hunger
a - Summon Small Mammal   Summ           ###.         3%          1    #......
b - Call Imp              Summ           ###.....     4%          2    ###....
c - Call Canine Familiar  Summ           ###.....     10%         3    ###....


Dungeon Overview and Level Annotations

Branches:
Dungeon (2/15)

Altars:


Innate Abilities, Weirdness & Mutations

You have a beak for a mouth.
You have claws for feet.


Message History

Your crimson imp blinks! x2
The bat closely misses you. The bat misses you. The bat hits you.
The bat hits you but does no damage. The bat closely misses you.
The bat misses you. The centaur zombie closely misses you. The bat misses you.
The centaur zombie hits you.
* * * LOW HITPOINT WARNING * * *
The bat hits you but does no damage. x2
You feel agile all of a sudden. The bat misses you. The bat barely misses you.
The bat hits you.
* * * LOW HITPOINT WARNING * * *
Your crimson imp hits the centaur zombie.
The bat hits you but does no damage.
Your crimson imp hits the centaur zombie.
The bat misses you.
Your crimson imp hits the centaur zombie.
The bat misses you.
Your crimson imp completely misses the centaur zombie.
The bat hits you.
You die...

....##...#...##
....#.........# .
..............# ..
.............# ##.
#...........#
....##.........#
##........#...####
........@.†......##
#....#.bb..?.....#
#.. #.#.<.......# #
#.#.........# ..#.#
#r#.........#
......##.#.........#
........Z....#######
....#.##55#### .
#.....#


You could see a centaur zombie, 2 bats, a rat and a friendly crimson imp.

Vanquished Creatures
  3 bats (D:1)
  3 goblins (D:1)
  2 hobgoblins (D:1)
  2 kobolds (D:1)
  A quokka (D:2)
  2 frilled lizards (D:1)
  6 rats (D:1)
19 creatures vanquished.

Vanquished Creatures (collateral kills)
  2 dart slugs (D:1)
  A goblin (D:1)
  A hobgoblin (D:1)
  3 kobolds (D:1)
7 creatures vanquished.

Grand Total: 26 creatures vanquished

Notes
Turn   | Place    | Note
-------+----------+-------------------------------------------
     0 | D:1      | vatarom the Tengu Summoner began the quest for the Orb.
     0 | D:1      | Reached XP level 1. HP: 10/10 MP: 4/4
     0 | D:1      | Upgraded the game from 0.21.0-25-ge575cb9 to 0.21.1-1-g345015f
   144 | D:1      | Reached skill level 5 in Summonings
   163 | D:1      | Reached XP level 2. HP: 7/15 MP: 3/6
   331 | D:1      | Learned a level 2 spell: Call Imp
  1150 | D:1      | Reached XP level 3. HP: 19/19 MP: 7/7
  1241 | D:1      | Learned a level 3 spell: Call Canine Familiar
  1359 | D:2      | Slain by a bat

Skill      XL: |  1 |
---------------+----+-----
Summonings     | 5 |  5.4
Polearms       | |  0.7
Dodging        | |  2.1
Stealth        | |  2.0
Spellcasting   | |  2.4

Action                   || total
-------------------------++-------
Melee: Unarmed           ||    12
       Kick              ||    10
       Peck              ||     4
       Spear             ||    52
 Cast: Summon Small Mamm ||     7
       Call Imp          ||    10
  Use: Scroll            ||     5
       Potion            ||     1
 Stab: Sleeping          ||     2
       Distracted        ||     1
  Eat: Chunk             ||     1
Armor: Robe              ||     2
       Leather armour    ||    21
Dodge: Dodged            ||    47
